Map: Newkirk Precinct TE (Void)

Players

Entropy

  • Race: Zerg Zerg
  • League: Diamond
  • Spawn Location: 5:00

Musumeci - Winner!

  • Race: Zerg Zerg
  • League: Diamond
  • Spawn Location: 7:00

VOD

Have the link to the VOD?

Description

Time

  • Played on: Jan. 10, 2017, 7:52 a.m.
  • Length: 9:04
Show
View Real Time Build Order
Export as new Build Order

Entropy Zerg 

Build Orders: Hatch First 

Get SALT Encoding   

  12  0:01  Drone  
  13  0:13  Overlord  
  13  0:18  Drone  
  14  0:32  Drone x2  
  14  0:35  Drone  
  17  0:54  Hatchery  
  17  0:56  Drone  
  17  0:59  Drone  
  18  1:10  Extractor  
  17  1:15  Spawning Pool  
  17  1:17  Drone  
  17  1:21  Drone  
  18  1:28  Drone  
  19  1:52  Overlord  
  19  2:01  Queen  
  19  2:04  Zergling x2  
  19  2:06  Zergling x2  
  19  2:07  Zergling x2  
  24  2:08  Queen  
  26  2:17  Metabolic Boost  
  26  2:26  Drone x2  
  26  2:28  Drone x2  
  30  2:43  Drone  
  31  2:45  Zergling x4  
  31  2:46  Queen  
  35  3:02  Drone  
  35  3:03  Overlord  
  36  3:18  Overlord  
  36  3:45  Zergling x8  
  36  3:46  Zergling x4  
  41  3:51  Drone, Baneling Nest  
  40  3:57  Zergling x2  
  40  3:58  Zergling x4  
  43  4:10  Drone x2  
  43  4:15  Spine Crawler  
  43  4:16  Queen  
  43  4:17  Overlord  
  46  4:19  Zergling x2  
  47  4:36  Baneling x4  
  47  4:37  Baneling  
  47  4:40  Zergling x12  
  53  4:51  Queen  
  46  4:56  Zergling x12  
  46  4:57  Zergling x4  
  52  5:01  Zergling x2  
  52  5:05  Lair  
  52  5:07  Drone, Extractor  
  53  5:11  Drone  
  54  5:16  Evolution Chamber  
  54  5:17  Evolution Chamber  
  52  5:25  Drone x2  
  52  5:27  Queen  
  56  5:30  Overlord x2  
  56  5:37  Drone  
  56  5:38  Drone x2, Roach Warren  
  58  5:43  Baneling x4  
  58  5:55  Zergling x8  
  58  6:14  Zergling x2  
  58  6:15  Zergling x10  
  64  6:28  Overlord  
  64  6:44  Zergling x12  
  66  6:54  Zergling x2  
  66  6:55  Zergling x6  
  67  7:17  Drone  
  67  7:18  Drone x3  
  61  7:31  Zergling x2  
  61  7:32  Zergling x10  
  67  7:47  Baneling  
  67  7:48  Baneling x6  
  67  7:56  Hatchery  
  54  8:23  Zergling x2  
  54  8:24  Zergling x22  
  45  8:35  Zergling x4  
  41  8:44  Zergling x2  
Show
View Real Time Build Order
Export as new Build Order

Musumeci Zerg - Winner!

Build Orders: Hatch First 

Get SALT Encoding   

  12  0:01  Drone  
  13  0:09  Drone  
  14  0:35  Hatchery  
  13  0:38  Drone  
  14  0:44  Extractor  
  14  0:45  Drone  
  15  1:10  Spawning Pool  
  14  1:11  Extractor  
  14  1:12  Drone  
  14  1:20  Drone, Extractor  
  14  1:22  Overlord  
  15  1:47  Drone x4  
  19  1:56  Queen  
  19  1:58  Drone  
  19  2:00  Drone  
  23  2:09  Drone x2  
  25  2:19  Zergling x2  
  25  2:21  Metabolic Boost  
  26  2:27  Drone  
  27  2:30  Drone  
  28  2:40  Overlord  
  28  2:50  Overlord  
  28  2:58  Queen, Baneling Nest  
  28  3:02  Overlord  
  29  3:12  Zergling x2  
  30  3:13  Zergling x10  
  35  3:20  Baneling Nest  
  34  3:57  Zergling x12  
  34  3:58  Zergling x6  
  43  4:03  Evolution Chamber  
  42  4:14  Zergling x4  
  44  4:23  Baneling x3  
  44  4:24  Baneling  
  44  4:25  Baneling  
  44  4:32  Zerg Ground Armor Level 1  
  39  4:56  Zergling x8  
  39  4:57  Overlord x3  
  43  5:05  Baneling  
  43  5:06  Baneling x2  
  43  5:15  Baneling x2  
  43  5:20  Hatchery  
  42  5:26  Baneling  
  42  5:28  Drone x6  
  48  5:31  Drone  
  48  5:32  Drone, Extractor  
  48  5:34  Drone  
  42  6:12  Zergling x24  
  49  6:31  Baneling x6  
  49  6:32  Baneling x3  
  41  6:51  Zergling x12  
  41  6:52  Zergling x12  
  53  6:57  Lair  
  50  7:20  Baneling x4  
  48  7:31  Zergling x20  
  58  7:39  Baneling x3  
  58  7:46  Zergling x12  
  58  7:51  Overlord  
  62  8:13  Zergling x14  
  63  8:23  Zergling x4  
  55  8:44  Zergling x8  
  55  8:50  Drone, Spire  
  55  8:51  Extractor  
  53  8:53  Extractor  
Tags
 
Add a new tag
Caveats
  • Supply blocks, unpowered buildings, or Contaminate may cause inaccurate times.
  • Supply counts are checked every 10 seconds.